Map: Ruins of Seras

Players

MCanning - Winner!

  • Race: Protoss Protoss
  • League: Grandmaster

Alison

  • Race: Protoss Protoss
  • League: Diamond

VOD

http://www.twitch.tv/mcanning/v/30690643

Description

Time

  • Played on: Dec. 19, 2015, 3:18 a.m.
  • Length: 7:22
Show
View Real Time Build Order
Export as new Build Order

MCanning Protoss - Winner!

Build Orders: Nexus First 

Get SALT Encoding   

  12  0:01  Probe (Chrono Boost)  
  13  0:12  Probe (Chrono Boost)  
  14  0:19  Pylon  
  14  0:23  Probe (Chrono Boost)  
  15  0:37  Probe (Chrono Boost)  
  16  0:48  Probe (Chrono Boost)  
  17  1:00  Nexus  
  17  1:12  Gateway  
  17  1:15  Probe (Chrono Boost)  
  18  1:26  Probe (Chrono Boost), Assimilator  
  18  1:31  Assimilator  
  19  1:36  Probe (Chrono Boost)  
  20  1:43  Gateway  
  21  1:47  Probe (Chrono Boost)  
  21  1:57  Probe (Chrono Boost)  
  22  2:03  Cybernetics Core  
  22  2:08  Probe (Chrono Boost)  
  23  2:13  Pylon  
  23  2:16  Probe (Chrono Boost)  
  23  2:21  Probe (Chrono Boost)  
  25  2:26  Probe (Chrono Boost)  
  26  2:32  Probe (Chrono Boost)  
  28  2:37  Probe (Chrono Boost)  
  28  2:42  Probe (Chrono Boost)  
  29  2:45  Stalker  
  29  2:49  Stalker  
  33  2:55  Mothership Core (Chrono Boost)  
  36  2:58  Probe (Chrono Boost)  
  36  2:59  Warp Gate  
  36  3:09  Probe (Chrono Boost)  
  37  3:13  Probe (Chrono Boost), Pylon  
  37  3:19  Probe (Chrono Boost)  
  39  3:23  Probe (Chrono Boost)  
  39  3:25  Stalker  
  39  3:26  Sentry  
  44  3:30  Probe (Chrono Boost)  
  46  3:34  Probe (Chrono Boost)  
  46  3:36  Pylon  
  46  3:40  Probe (Chrono Boost)  
  47  3:45  Probe (Chrono Boost)  
  47  3:51  Probe (Chrono Boost)  
  49  3:55  Probe (Chrono Boost)  
  49  4:01  Probe (Chrono Boost)  
  50  4:05  Twilight Council  
  50  4:06  Probe (Chrono Boost)  
  50  4:07  Robotics Facility  
  51  4:12  Probe (Chrono Boost)  
  51  4:16  Probe (Chrono Boost), Assimilator  
  53  4:20  Assimilator  
  53  4:22  Probe (Chrono Boost)  
  54  4:27  Probe (Chrono Boost)  
  55  4:33  Probe (Chrono Boost)  
  55  4:37  Probe (Chrono Boost)  
  57  4:39  Nexus  
  57  4:42  Pylon  
  57  4:43  Probe (Chrono Boost)  
  58  4:46  Probe, Blink (Chrono Boost)  
  59  4:57  Gateway  
  59  4:58  Gateway  
  59  5:00  Gateway  
  59  5:02  Observer  
  59  5:05  Gateway  
  60  5:07  Pylon  
  60  5:16  Gateway  
  60  5:22  Stalker x2  
  64  5:29  Dark Shrine  
  64  5:38  Pylon x2  
  64  5:43  Immortal (Chrono Boost)  
  64  5:45  Pylon  
  68  5:56  Stalker x3  
  68  5:57  Stalker  
  76  6:07  Stalker  
  76  6:08  Stalker  
  80  6:16  Pylon  
  80  6:21  Pylon  
  80  6:26  Stalker x4  
  80  6:31  Pylon  
  88  6:36  Stalker  
  88  6:38  Pylon  
  90  6:43  Dark Templar  
  90  6:44  Dark Templar  
  94  6:55  Dark Templar  
  100  7:06  Forge  
  100  7:11  Adept  
  100  7:12  Adept x2  
Show
View Real Time Build Order
Export as new Build Order

Alison Protoss 

Build Orders: Nexus First, Blink Stalkers 

Get SALT Encoding   

  12  0:00  Probe (Chrono Boost)  
  13  0:11  Probe (Chrono Boost)  
  14  0:18  Pylon  
  14  0:22  Probe (Chrono Boost)  
  15  0:36  Probe (Chrono Boost)  
  16  0:47  Probe (Chrono Boost)  
  17  1:00  Nexus  
  17  1:10  Gateway  
  17  1:14  Probe (Chrono Boost)  
  18  1:24  Probe (Chrono Boost)  
  19  1:25  Assimilator  
  19  1:28  Assimilator  
  19  1:35  Probe (Chrono Boost)  
  20  1:46  Gateway  
  21  1:47  Probe (Chrono Boost)  
  21  1:57  Probe (Chrono Boost)  
  21  2:00  Cybernetics Core  
  22  2:08  Probe (Chrono Boost)  
  23  2:13  Probe (Chrono Boost)  
  24  2:18  Probe (Chrono Boost)  
  25  2:24  Probe (Chrono Boost)  
  25  2:26  Warp Gate (Chrono Boost)  
  27  2:30  Probe (Chrono Boost)  
  27  2:34  Probe (Chrono Boost)  
  27  2:36  Adept x2 (Chrono Boost)  
  32  2:43  Probe  
  33  2:46  Probe  
  33  2:49  Pylon  
  34  2:56  Probe (Chrono Boost)  
  37  2:58  Mothership Core (Chrono Boost)  
  37  3:06  Twilight Council  
  37  3:10  Probe (Chrono Boost)  
  38  3:15  Stalker  
  38  3:17  Probe (Chrono Boost)  
  41  3:20  Stalker  
  41  3:26  Pylon  
  43  3:30  Probe (Chrono Boost)  
  43  3:31  Probe (Chrono Boost)  
  45  3:40  Probe (Chrono Boost)  
  46  3:46  Probe (Chrono Boost), Blink (Chrono Boost)  
  45  3:51  Probe (Chrono Boost)  
  46  3:56  Probe, Robotics Facility  
  46  4:02  Probe  
  46  4:09  Probe, Pylon  
  47  4:14  Probe  
  48  4:20  Gateway  
  48  4:26  Gateway  
  48  4:27  Probe x2  
  48  4:29  Gateway  
  48  4:30  Assimilator  
  50  4:31  Gateway  
  50  4:32  Assimilator  
  50  4:37  Pylon  
  50  4:39  Probe x2  
  52  4:46  Observer  
  52  4:57  Stalker x2  
  56  5:02  Pylon  
  56  5:07  Pylon  
  56  5:11  Warp Prism (Chrono Boost)  
  58  5:15  Stalker  
  60  5:23  Stalker x2  
  64  5:30  Probe  
  64  5:34  Stalker x3  
  71  5:45  Stalker  
  73  5:53  Stalker x2  
  74  6:15  Stalker x4  
  82  6:21  Robotics Bay  
  82  6:22  Stalker x2  
  86  6:39  Pylon  
  86  6:42  Pylon  
  86  6:59  Pylon  
  86  7:02  Adept x3  
  86  7:06  Stalker  
  94  7:13  Pylon  
  94  7:14  Pylon  
Tags
 
Add a new tag
Caveats
  • Supply blocks, unpowered buildings, or Contaminate may cause inaccurate times.
  • Supply counts are checked every 10 seconds.